Map: Acid Plant LE

Players

Lillekanin - Winner!

  • Race: Terran Terran
  • Spawn Location: 5:00

RiSky

  • Race: Zerg Zerg
  • Spawn Location: 11:00

Event: WCS Valencia 2018

VOD

Have the link to the VOD?

Description

Time

  • Played on: July 12, 2018, 6:58 a.m.
  • Length: 19:51

All games in this series

Show
View Real Time Build Order
Export as new Build Order

Lillekanin Terran - Winner!

Build Orders: Gas First Reaper Expand, Reaper Expand, Hellion Banshee, Mech 

Get SALT Encoding   

  12  0:01  SCV  
  13  0:14  SCV  
  14  0:17  Supply Depot  
  14  0:26  SCV  
  15  0:30  Refinery  
  15  0:39  SCV  
  16  0:45  Barracks  
  16  0:51  SCV  
  17  1:03  SCV  
  18  1:15  SCV  
  19  1:32  Orbital Command, Reaper  
  20  1:47  Command Center  
  20  1:58  SCV  
  21  2:02  Factory  
  21  2:07  Barracks Reactor  
  21  2:12  SCV  
  22  2:17  Refinery  
  22  2:21  Supply Depot  
  22  2:24  SCV  
  23  2:42  SCV  
  24  2:54  SCV  
  24  2:55  Starport  
  24  2:58  Hellion x2  
  28  3:00  Barracks Tech Lab  
  28  3:03  Orbital Command  
  28  3:08  SCV  
  29  3:19  Hellion  
  31  3:20  Hellion  
  31  3:24  SCV  
  34  3:30  SCV  
  35  3:36  Supply Depot, SCV  
  35  3:37  Marine  
  35  3:40  Banshee  
  40  3:44  Cloaking Field  
  40  3:47  SCV  
  41  3:50  SCV  
  42  3:56  Hellion  
  42  3:59  SCV, Hellion  
  48  4:02  SCV  
  48  4:08  Supply Depot  
  48  4:11  SCV  
  48  4:16  SCV  
  50  4:23  SCV  
  48  4:26  Banshee  
  48  4:28  SCV  
  52  4:32  Hellion x2  
  52  4:35  SCV  
  57  4:40  SCV  
  54  4:47  SCV  
  54  4:49  Command Center  
  54  4:52  SCV  
  54  4:58  Supply Depot  
  54  4:59  SCV  
  55  5:04  SCV  
  53  5:08  Hellion x2  
  53  5:12  SCV  
  53  5:13  Factory  
  58  5:16  SCV, Factory  
  58  5:18  Raven  
  61  5:24  Refinery, SCV  
  61  5:26  Refinery  
  62  5:29  SCV  
  62  5:31  Barracks Tech Lab  
  63  5:36  SCV  
  63  5:38  Cyclone  
  63  5:41  SCV  
  67  5:48  SCV  
  63  5:53  SCV  
  63  6:01  Banshee  
  61  6:08  SCV  
  61  6:09  SCV  
  61  6:21  Armory, SCV x2, Factory Tech Lab  
  61  6:23  Armory  
  61  6:24  Orbital Command  
  63  6:30  Siege Tank  
  66  6:33  SCV x2, Factory  
  66  6:39  Hellion  
  72  6:40  Hellion  
  72  6:45  SCV x2  
  74  6:47  Factory  
  74  6:52  Hellion  
  76  6:56  Orbital Command  
  76  6:57  SCV x2  
  76  7:01  Banshee, Hellion x2  
  85  7:05  Refinery  
  85  7:06  Engineering Bay  
  85  7:09  Supply Depot  
  85  7:10  Refinery  
  85  7:15  Supply Depot  
  85  7:16  Supply Depot, Terran Vehicle Weapons Level 1  
  85  7:17  SCV x2  
  85  7:18  Terran Vehicle And Ship Armor Level 1  
  87  7:28  Siege Tank  
  87  7:29  SCV x2  
  92  7:32  Hellion x4  
  92  7:37  Siege Tank  
  92  7:38  Hellion  
  92  7:41  Factory Reactor, SCV x2  
  99  7:47  Factory Tech Lab  
  99  7:49  Hellion  
  101  7:52  SCV  
  101  7:53  SCV x2  
  104  7:59  Hellion  
  104  8:00  Siege Tank  
  104  8:04  Supply Depot, SCV  
  110  8:05  SCV x2  
  112  8:13  Supply Depot  
  112  8:14  Supply Depot  
  112  8:16  SCV  
  112  8:18  Siege Tank, SCV  
  117  8:22  Command Center  
  117  8:26  Siege Tank, SCV  
  121  8:28  SCV  
  122  8:35  Thor  
  122  8:40  Hellion  
  122  8:41  Hellion  
  124  8:50  Siege Tank, Infernal Pre-Igniter  
  124  8:52  Hellion x2  
  125  8:57  Supply Depot  
  125  8:58  Thor  
  125  9:02  Supply Depot x2, Hellion  
  133  9:07  Starport, Hellion  
  135  9:13  Hellion  
  137  9:18  Siege Tank  
  137  9:22  Siege Tank  
  137  9:23  Raven  
  145  9:25  Hellion x2  
  151  9:31  Hellion  
  151  9:35  Supply Depot, Hellion  
  151  9:36  Terran Vehicle Weapons Level 2  
  153  9:41  Supply Depot  
  153  9:44  Missile Turret  
  153  9:46  Sensor Tower  
  153  9:47  Supply Depot  
  153  9:48  Supply Depot  
  153  9:56  Terran Vehicle And Ship Armor Level 2  
  153  9:58  Viking  
  153  9:59  Supply Depot  
  155  10:08  Supply Depot, SCV  
  155  10:10  Supply Depot  
  155  10:13  Missile Turret  
  156  10:15  Missile Turret  
  156  10:16  Viking  
  158  10:21  Missile Turret  
  158  10:22  Missile Turret  
  158  10:28  Viking  
  158  10:31  Refinery  
  158  10:33  Planetary Fortress  
  159  10:40  Cyclone  
  159  10:42  Sensor Tower  
  162  10:46  Viking  
  164  10:50  Smart Servos  
  164  10:53  Thor  
  164  10:55  Hellion x2  
  174  11:00  Refinery  
  174  11:05  Siege Tank, Hellion x2  
  179  11:12  Hellion  
  179  11:16  Cyclone, Hellion  
  180  11:20  Viking  
  178  11:25  Viking  
  178  11:26  Siege Tank  
  178  11:27  Hellion  
  181  11:34  Hellion  
  181  11:36  Siege Tank  
  181  11:37  Hellion  
  181  11:39  Hellion  
  190  11:44  SCV  
  191  11:53  Viking  
  193  11:56  Hyperflight Rotors  
  193  11:58  Thor  
  193  12:00  Starport  
  199  12:09  Terran Vehicle Weapons Level 3  
  199  12:17  Terran Vehicle And Ship Armor Level 3  
  199  12:29  Viking  
  195  12:40  Thor  
  191  13:14  Drilling Claws  
  191  13:16  Rapid Fire Launchers  
  191  13:17  Starport Tech Lab  
  191  13:18  Medivac  
  193  13:22  Fusion Core  
  193  13:24  Thor x2  
  199  13:33  Command Center  
  199  13:34  Missile Turret  
  199  13:35  Missile Turret  
  199  13:44  Terran Infantry Armor Level 1  
  199  13:46  Thor  
  193  13:49  Command Center  
  193  13:51  Command Center  
  191  14:10  Starport Tech Lab  
  191  14:15  Thor  
  195  14:27  Raven x2  
  194  14:46  Thor, Terran Ship Weapons Level 1  
  197  15:01  Viking  
  199  15:13  Viking  
  199  15:14  Corvid Reactor  
  196  15:16  Advanced Ballistics  
  193  15:38  Structure Armor  
  193  15:57  Raven x2  
  197  16:13  Missile Turret  
  197  16:14  Missile Turret  
  193  16:27  Thor  
  185  16:34  Thor x2  
  193  16:45  Viking x2  
  180  16:54  Viking  
  180  17:00  Hellion  
  180  17:09  Thor  
  180  17:15  Command Center, Viking x2  
  190  17:16  Thor  
  190  17:18  Hi-Sec Auto Tracking  
  190  17:19  Hellion x2  
  200  17:47  Command Center  
  200  18:06  Missile Turret  
  200  18:07  Missile Turret  
  200  18:09  Missile Turret  
  186  18:32  Raven, Hellion x5  
  186  18:33  Raven  
  189  18:41  Hellion x2  
  184  18:53  Thor, Hellion x2  
  184  18:54  Hellion  
  193  18:58  Hellion  
  193  19:02  Hellion  
  197  19:22  Refinery  
  197  19:25  Refinery  
  197  19:28  Hellion  
Show
View Real Time Build Order
Export as new Build Order

RiSky Zerg 

Build Orders: Hatch First, Brood Lord Corruptor 

Get SALT Encoding   

  12  0:00  Drone  
  13  0:12  Overlord  
  13  0:17  Drone  
  14  0:30  Drone x2  
  14  0:34  Drone  
  17  0:50  Hatchery  
  17  0:53  Drone  
  17  0:57  Drone  
  18  1:07  Extractor  
  17  1:12  Spawning Pool  
  17  1:15  Drone  
  17  1:18  Drone  
  18  1:27  Drone  
  19  1:37  Overlord  
  19  1:48  Drone  
  20  1:58  Queen  
  20  1:59  Zergling x2  
  23  2:02  Queen  
  23  2:03  Zergling x2  
  26  2:10  Metabolic Boost, Drone  
  26  2:15  Drone  
  28  2:21  Drone  
  29  2:25  Drone  
  30  2:34  Extractor, Queen  
  32  2:49  Overlord  
  31  2:52  Drone x3  
  31  2:56  Hatchery  
  31  2:58  Drone  
  34  3:01  Drone  
  35  3:08  Overlord  
  35  3:10  Drone x4  
  39  3:22  Drone x2  
  41  3:28  Queen  
  41  3:30  Drone  
  41  3:32  Overlord, Roach Warren  
  43  3:41  Drone  
  43  3:42  Drone  
  43  3:45  Drone  
  43  3:46  Drone  
  43  3:47  Zergling x4  
  49  3:49  Zergling x2  
  49  3:50  Drone  
  49  3:52  Drone  
  52  3:55  Queen  
  52  3:57  Overlord  
  52  4:01  Extractor  
  54  4:02  Drone  
  53  4:10  Zergling x4  
  53  4:15  Zergling x2  
  50  4:22  Zergling x4  
  46  4:26  Zergling x2  
  46  4:30  Drone x2  
  46  4:37  Roach x4  
  53  4:48  Drone  
  53  4:49  Drone x3  
  57  4:53  Spore Crawler  
  57  4:54  Drone  
  57  4:55  Spore Crawler  
  55  5:08  Drone x4  
  58  5:15  Drone x2  
  58  5:16  Lair  
  58  5:17  Drone  
  58  5:20  Drone  
  62  5:22  Drone  
  62  5:25  Drone  
  64  5:34  Ravager  
  65  5:36  Overlord  
  65  5:42  Overlord  
  65  5:44  Overlord  
  65  5:50  Overlord  
  65  5:52  Overlord  
  65  5:58  Drone x5  
  65  5:59  Drone x3  
  70  6:04  Evolution Chamber  
  70  6:05  Evolution Chamber  
  70  6:07  Drone x2  
  70  6:08  Drone  
  70  6:09  Drone  
  67  6:15  Drone x3  
  67  6:17  Drone  
  67  6:19  Drone x2  
  67  6:22  Drone x2  
  71  6:26  Drone  
  71  6:29  Overseer  
  71  6:31  Drone x2  
  71  6:32  Drone  
  75  6:34  Extractor  
  75  6:35  Extractor  
  75  6:36  Infestation Pit  
  75  6:37  Zerg Missile Weapons Level 1  
  72  6:42  Spore Crawler  
  72  6:46  Roach  
  73  6:50  Roach x2  
  77  6:55  Roach x3  
  77  6:57  Hatchery  
  77  7:00  Drone x3  
  85  7:04  Drone x4  
  85  7:05  Drone x2  
  85  7:08  Extractor x2  
  90  7:11  Zerg Ground Armor Level 1  
  89  7:17  Roach x2  
  89  7:18  Queen, Roach  
  94  7:30  Overlord  
  94  7:35  Overlord, Drone  
  90  7:47  Drone x3  
  90  7:48  Drone  
  90  7:50  Hydralisk Den, Hive  
  93  7:51  Overseer  
  93  7:53  Drone x3  
  93  7:54  Glial Reconstitution  
  96  7:59  Drone x5  
  96  8:00  Drone  
  102  8:07  Drone x2  
  104  8:14  Roach x3  
  104  8:17  Drone x2  
  112  8:20  Muscular Augments  
  112  8:21  Drone  
  112  8:23  Drone x2  
  112  8:25  Hydralisk x3  
  121  8:28  Extractor  
  121  8:31  Hydralisk  
  121  8:32  Hydralisk x2  
  121  8:33  Extractor  
  118  8:37  Hydralisk  
  118  8:47  Drone x4  
  118  8:48  Drone x4  
  124  8:49  Drone  
  124  8:53  Zerg Missile Weapons Level 2  
  125  8:57  Drone  
  125  8:59  Drone  
  127  9:02  Overlord  
  127  9:03  Overlord  
  127  9:05  Overlord  
  126  9:13  Pneumatized Carapace  
  125  9:19  Viper  
  123  9:29  Overlord x2, Viper x2  
  129  9:32  Drone x12  
  129  9:37  Hydralisk x2  
  145  9:42  Hydralisk x2  
  145  9:45  Overlord  
  149  9:49  Hydralisk  
  151  9:53  Zerg Ground Armor Level 2  
  151  9:55  Overlord  
  151  9:58  Spine Crawler  
  150  10:02  Spore Crawler  
  150  10:03  Hydralisk x2  
  153  10:10  Hydralisk x2  
  153  10:11  Spire  
  153  10:13  Hydralisk x2  
  160  10:20  Overlord  
  160  10:21  Overlord  
  160  10:22  Hydralisk  
  160  10:23  Hydralisk  
  164  10:30  Overlord  
  164  10:36  Spine Crawler  
  164  10:37  Spine Crawler  
  162  10:46  Hatchery, Hydralisk x4  
  162  10:47  Hydralisk  
  171  10:54  Hydralisk  
  171  10:55  Hydralisk x2  
  177  10:58  Hydralisk x3  
  177  11:03  Spine Crawler  
  182  11:05  Spine Crawler  
  182  11:09  Zerg Melee Weapons Level 1  
  178  11:19  Drone x2  
  178  11:20  Drone  
  178  11:21  Drone  
  178  11:24  Drone x3  
  178  11:25  Drone  
  185  11:26  Greater Spire  
  185  11:27  Spire  
  183  11:48  Drone x3  
  186  11:57  Extractor  
  186  11:59  Extractor  
  186  12:00  Spine Crawler  
  186  12:01  Spine Crawler  
  182  12:09  Corruptor x9  
  200  12:28  Drone x7  
  200  12:29  Drone  
  199  12:31  Drone x2  
  200  12:40  Brood Lord  
  200  12:42  Brood Lord  
  200  12:52  Spore Crawler x2  
  200  12:53  Spore Crawler  
  200  12:54  Spore Crawler  
  196  13:01  Brood Lord x2  
  196  13:07  Hatchery  
  196  13:08  Brood Lord  
  196  13:09  Brood Lord x2  
  196  13:13  Spore Crawler  
  196  13:16  Drone x4  
  196  13:17  Drone x2  
  198  13:23  Grooved Spines  
  198  13:24  Zerg Flyer Armor Level 1, Zerg Flyer Weapons Level 1  
  198  13:49  Queen  
  198  13:50  Queen  
  200  14:15  Hatchery  
  200  14:16  Corruptor x4  
  192  14:47  Zerg Missile Weapons Level 3, Zerg Melee Weapons Level 2  
  192  14:49  Spore Crawler  
  192  14:50  Spore Crawler  
  190  14:54  Brood Lord x5  
  190  14:56  Spore Crawler  
  198  15:04  Drone x5  
  198  15:15  Hatchery  
  197  15:29  Hatchery  
  195  15:40  Corruptor x2  
  196  16:01  Zerg Flyer Weapons Level 2, Zerg Flyer Armor Level 2  
  196  16:17  Unknown  
  187  16:20  Unknown  
  187  16:23  Corruptor  
  187  16:24  Corruptor x8  
  183  16:28  Hydralisk x9  
  183  16:29  Hydralisk x3  
  179  16:42  Hydralisk x3  
  179  16:44  Hydralisk x3  
  179  16:46  Hydralisk  
  175  16:51  Hydralisk x2  
  175  16:54  Hydralisk x4  
  173  16:57  Hydralisk  
  176  17:01  Hydralisk  
  176  17:03  Zerg Ground Armor Level 3  
  176  17:08  Brood Lord x2  
  180  17:14  Hydralisk  
  180  17:27  Brood Lord  
  181  17:39  Brood Lord x2  
  185  17:51  Brood Lord  
  185  17:55  Brood Lord  
  189  18:28  Overlord  
  185  18:36  Hydralisk  
  185  18:37  Hydralisk  
  185  18:40  Queen x2  
  184  18:45  Hydralisk x3  
  184  18:47  Overlord  
  188  18:52  Hydralisk x3  
  188  18:53  Hydralisk  
  190  19:00  Hatchery  
  190  19:01  Brood Lord x3  
  195  19:04  Overlord  
  192  19:14  Corruptor  
Tags
 
Add a new tag
Caveats
  • Supply blocks, unpowered buildings, or Contaminate may cause inaccurate times.
  • Supply counts are checked every 10 seconds.